cohdb
Replays
Latest Replays
All Replays
Popular Replays
Top Player Replays
Match Explorer
How It Works
Community
CoH3 Stats
Reddit
Sign in to upload your games and track your stats! →
Sign in with Steam
Match 43391423
Unlisted
Match 43391423
Overview
Messages
Build Orders
End
Construct Barracks
Selects Heavy Weapons
Riflemen Squad
Riflemen Squad
Riflemen Squad
Grenade Package
Construct Medical Station
Riflemen Squad
Air Support Center
Selects M2HB .50cal Heavy Machine Gun
Construct Motor Pool
Selects Rapid Reposition
P-47 Strafing Run
M1 Anti-tank Gun Team
Grasshopper Recon Run
Double Sortie
P-47 Strafing Run
M1 Anti-tank Gun Team
M1918 Browning Automatic Rifles
Grasshopper Recon Run
P-47 Strafing Run
Improved Aircraft Armor
M24 Chaffee Light Tank
Air Supremacy
Grasshopper Recon Run
P-47 Dive Bomb
Selects Black Dragon Artillery Barrage
P-47 Strafing Run
Black Dragon Artillery Barrage
天安门事件
天安门广场 小熊维尼 总统
強姦中國兒童
turi6
t48football
downrightcrispy
0
0
Comments
sign in to comment!
No comments posted yet!